 Dungeon Crawl Stone Soup version 0.25.0-9-g26727b657a (webtiles) character file.

Game seed: 4740932303169526811

6570 Grimalkyne the Basher (level 11, -14/126 HPs)
             Began as a Gnoll Wanderer on June 17, 2020.
             Was a High Priest of Okawaru (penitent).
             Demolished by an orc warrior
             ... wielding a +0 halberd
             ... led by the fury of Okawaru
              (20 damage)
             ... on level 9 of the Dungeon.
             The game lasted 00:46:32 (9573 turns).

Grimalkyne the Basher (Gnoll Wanderer)              Turns: 9573, Time: 00:46:33

Health: -14/126    AC: 15    Str: 15    XL:     11   Next: 1%
Magic:  19/19      EV:  9    Int: 17    God:    Okawaru [*]
Gold:   540        SH:  0    Dex: 15    Spells: 18/21 levels left

rFire    . . .     SeeInvis .   a - +2 flail (venom)
rCold    . . .     Gourm    .   s - +0 buckler
rNeg     . . .     Faith    .   h - +0 chain mail
rPois    +         Spirit   .   A - +2 hat
rElec    .         Reflect  +   C - +0 cloak
rCorr    .         Harm     .   y - +0 pair of gloves
MR       .....                  (no boots)
Stlth    ..........             f - amulet of reflection
HPRegen  0.31/turn              F - +4 ring of slaying
MPRegen  0.16/turn              E - ring of poison resistance

@: confused, berserking, very quick
A: distributed training, fangs 1, strong nose
a: Renounce Religion


You were on level 9 of the Dungeon.
You worshipped Okawaru.
Okawaru was demanding penance.
You were not hungry.

You visited 1 branch of the dungeon, and saw 9 of its levels.
You also visited: Sewer.

You collected 540 gold pieces.

Inventory:

Hand Weapons
 a - a +2 flail of venom (weapon)
 b - a +0 hunting sling
 q - a +0 hand crossbow
Missiles
 c - 6 curare-tipped darts
 d - 149 bolts
 k - 6 silver boomerangs (quivered)
 m - 113 arrows
 n - 22 poisoned darts
 o - 257 stones
 u - 2 throwing nets
 D - 3 atropa-tipped darts
Armour
 h - a +0 chain mail (worn)
 s - a +0 buckler (worn)
 y - a +0 pair of gloves (worn)
 A - a +2 hat (worn)
 C - a +0 cloak (worn)
Jewellery
 f - an amulet of reflection (around neck)
 E - a ring of poison resistance (right hand)
 F - a +4 ring of slaying (left hand)
Wands
 e - a wand of enslavement (2)
Scrolls
 i - 3 scrolls of teleportation
 l - a scroll of amnesia
 r - 2 scrolls of enchant weapon
 t - 7 scrolls of remove curse
 z - 4 scrolls of identify
 J - 2 scrolls of fear
Potions
 j - a potion of ambrosia
 p - 5 potions of curing
 v - a potion of resistance
 w - a potion of might
 x - 3 potions of stabbing
 B - a potion of heal wounds
 H - a potion of brilliance
 I - a potion of invisibility {unknown}
 K - a potion of flight {unknown}
 L - a potion of berserk rage
 M - a potion of cancellation {unknown}
Comestibles
 g - 13 rations
 G - a chunk of flesh


   Skills:
 + Level 7.4 Fighting
 + Level 5.7 Short Blades
 + Level 5.7 Long Blades
 + Level 5.7 Axes
 + Level 10.2 Maces & Flails
 + Level 5.7 Polearms
 + Level 5.7 Staves
 + Level 5.7 Slings
 + Level 5.7 Bows
 + Level 5.7 Crossbows
 + Level 6.3 Throwing
 + Level 7.4 Armour
 + Level 5.7 Dodging
 + Level 5.7 Stealth
 + Level 6.3 Shields
 + Level 5.7 Unarmed Combat
 + Level 5.7 Spellcasting
 + Level 4.7 Conjurations
 + Level 4.7 Hexes
 + Level 4.7 Charms
 + Level 4.7 Summonings
 + Level 4.7 Necromancy
 + Level 4.7 Translocations
 + Level 4.7 Transmutations
 + Level 4.7 Fire Magic
 + Level 4.7 Ice Magic
 + Level 4.7 Air Magic
 + Level 4.7 Earth Magic
 + Level 4.7 Poison Magic
 + Level 6.3 Invocations
 + Level 5.7 Evocations


You had 18 spell levels left.
You knew the following spells:

 Your Spells              Type           Power        Failure   Level  Hunger
a - Stone Arrow           Conj/Erth      ###...       63%         3    ##.....

Your spell library contained the following spells:

 Spells                   Type           Power        Failure   Level  Hunger
 Sandblast                Erth           ###...       28%         1    None
 Passwall                 Tmut/Erth      ###.....     38%         2    #......
 Petrify                  Tmut/Erth      ###.....     95%         4    ####...
 Lee's Rapid Deconstruct  Erth           ###.......   100%        5    ######.


Dungeon Overview and Level Annotations

Branches:
Dungeon (9/15)             Temple (0/1) D:5           Sewer (visited)
   Lair: D:8-11         Orc: D:9-12

Altars:
Fedhas
Makhleb
Nemelex Xobeh
Okawaru
Qazlal


Innate Abilities, Weirdness & Mutations

Your experience applies equally to all skills.
You have very sharp teeth.
Your uncanny sense of smell can sniff out nearby items.


Message History

The orc priest miscasts a cantrip.
You miss the orc knight.
An orc warrior comes into view. It is wielding a +0 halberd.
The orc wizard mumbles some strange words.
The orc wizard flickers and vanishes!
Deactivating autopickup; reactivate with Ctrl-A.
A water moccasin skeleton comes into view.
Okay, then.
You're too confused!
It was a potion of berserk rage.
A red film seems to cover your vision as you go berserk!
You feel yourself moving faster!
You feel mighty! The stone giant closely misses you.
The frost giant hits you with a +2 battleaxe of freezing!!
* * * LOW HITPOINT WARNING * * *
The frost giant freezes you!
* * * LOW HITPOINT WARNING * * *
The orc knight hits you but does no damage.
The orc warrior hits you from afar with a +0 halberd!!
You die...

#...# ......... #Z#
#.#.. ......... . ..
#... .......#. {s #.
#..### #.........
.o.##.##....##...##.#...
...o.....##.............
..#o...o................
.....oCoCoo.............
...###@#..............)
∆ #$#...............
#.#.##............
...#.#.....>.......
#...........###...#
#.#....#....##..[##
#>.....#....##..##
###....#....##.##
#....#....##.#


You could see a frost giant, a stone giant, an orc knight, 2 orc warriors, a
scorpion, 2 orc priests, 3 orcs and a water moccasin skeleton.

Vanquished Creatures
  Harold (D:9)
  2 two-headed ogres (D:9)
  An unseen horror (D:8)
  A gargoyle (D:8)
  A centaur skeleton (D:7)
  2 hippogriffs (D:8)
  A vampire (D:7)
  3 sky beasts (D:8)
  3 orc warriors
  2 ice beasts (D:7)
  A phantom (D:6)
  4 ogres
  A necrophage (D:7)
  A centaur (D:9)
  A big kobold (D:8)
  8 bullfrogs
  Blork the orc (D:6)
  3 killer bees
  4 howler monkeys
  5 crimson imps
  5 hounds
  2 jellies
  7 orc priests
  7 orc wizards
  A bullfrog skeleton (D:8)
  5 iguanas
  4 worker ants
  A killer bee zombie (D:7)
  A howler monkey zombie (D:7)
  4 gnolls
  A howler monkey skeleton (D:3)
  14 adders
  A shadow imp (D:8)
  An ooze (D:7)
  4 leopard geckos
  34 orcs
  4 bats
  A giant cockroach (D:7)
  6 hobgoblins
  8 jackals
  10 kobolds
  A quokka (D:3)
  4 ball pythons
  5 frilled lizards
  4 goblins (D:1)
  A leopard gecko zombie (D:8)
  7 rats
189 creatures vanquished.

Vanquished Creatures (collateral kills)
  An orc wizard (D:9)
  A quasit (D:9)
2 creatures vanquished.

Grand Total: 191 creatures vanquished

Notes
Turn   | Place    | Note
-------+----------+-------------------------------------------
     0 | D:1      | Grimalkyne the Gnoll Wanderer began the quest for the Orb.
     0 | D:1      | Grimalkyne set off with the following items: a +2 dagger, a
                  | curare-tipped dart, a +0 hand crossbow, 24 bolts, a +0
                  | mace, a +0 robe, a ration
     0 | D:1      | Reached XP level 1. HP: 20/20 MP: 1/1
   156 | D:1      | Reached XP level 2. HP: 23/26 MP: 2/2
  1010 | D:2      | Reached XP level 3. HP: 31/31 MP: 3/3
  1176 | D:2      | Found an iron altar of Okawaru.
  1187 | D:2      | Became a worshipper of Warmaster Okawaru
  1748 | D:2      | Reached skill level 1 in Short Blades
  1748 | D:2      | Reached skill level 1 in Long Blades
  1748 | D:2      | Reached skill level 1 in Axes
  1748 | D:2      | Reached skill level 1 in Polearms
  1748 | D:2      | Reached skill level 1 in Staves
  1748 | D:2      | Reached skill level 1 in Slings
  1748 | D:2      | Reached skill level 1 in Bows
  1748 | D:2      | Reached skill level 1 in Crossbows
  1748 | D:2      | Reached skill level 1 in Dodging
  1748 | D:2      | Reached skill level 1 in Stealth
  1748 | D:2      | Reached skill level 1 in Unarmed Combat
  1748 | D:2      | Reached skill level 1 in Spellcasting
  1748 | D:2      | Reached skill level 1 in Invocations
  1748 | D:2      | Reached skill level 1 in Evocations
  1748 | D:2      | Reached XP level 4. HP: 38/38 MP: 5/5
  1793 | D:2      | Found a blossoming altar of Fedhas.
  2023 | D:3      | Reached skill level 1 in Conjurations
  2023 | D:3      | Reached skill level 1 in Hexes
  2023 | D:3      | Reached skill level 1 in Charms
  2023 | D:3      | Reached skill level 1 in Summonings
  2023 | D:3      | Reached skill level 1 in Necromancy
  2023 | D:3      | Reached skill level 1 in Translocations
  2023 | D:3      | Reached skill level 1 in Transmutations
  2023 | D:3      | Reached skill level 1 in Fire Magic
  2023 | D:3      | Reached skill level 1 in Ice Magic
  2023 | D:3      | Reached skill level 1 in Air Magic
  2023 | D:3      | Reached skill level 1 in Earth Magic
  2023 | D:3      | Reached skill level 1 in Poison Magic
  2532 | D:3      | Reached XP level 5. HP: 43/43 MP: 6/6
  3214 | D:4      | Found a glowing drain.
  3225 | Sewer    | Entered a sewer
  3308 | Sewer    | Noticed a crocodile
  3617 | D:4      | Reached * piety under Okawaru
  3796 | D:4      | Reached XP level 6. HP: 50/50 MP: 8/8
  3811 | D:4      | Found a sparkling altar of Nemelex Xobeh.
  3889 | D:4      | Found a burning altar of Makhleb.
  4373 | D:4      | Reached skill level 5 in Fighting
  4373 | D:4      | Reached skill level 5 in Armour
  4491 | D:5      | Entered Level 5 of the Dungeon
  4652 | D:5      | Found a staircase to the Ecumenical Temple.
  4681 | D:5      | Reached XP level 7. HP: 54/56 MP: 10/10
  5187 | D:6      | Reached ** piety under Okawaru
  5325 | D:6      | Reached skill level 9 in Maces & Flails
  5462 | D:6      | Reached XP level 8. HP: 47/63 MP: 12/12
  5865 | D:6      | Noticed Blork the orc
  6117 | D:6      | Killed Blork the orc
  6737 | D:7      | Learned a level 3 spell: Stone Arrow
  6753 | D:7      | Reached XP level 9. HP: 69/69 MP: 14/14
  6990 | D:7      | Reached *** piety under Okawaru
  7332 | D:8      | Reached skill level 5 in Throwing
  7332 | D:8      | Reached skill level 5 in Shields
  7740 | D:8      | Noticed a gargoyle
  7819 | D:8      | Reached skill level 5 in Invocations
  8129 | D:8      | Killed an unseen horror
  8129 | D:8      | Reached **** piety under Okawaru
  8129 | D:8      | Reached XP level 10. HP: 44/77 MP: 15/17
  8619 | D:8      | Found a stormy altar of Qazlal.
  8654 | D:8      | Killed a gargoyle
  8654 | D:8      | Reached skill level 5 in Short Blades
  8654 | D:8      | Reached skill level 5 in Long Blades
  8654 | D:8      | Reached skill level 5 in Axes
  8654 | D:8      | Reached skill level 5 in Polearms
  8654 | D:8      | Reached skill level 5 in Staves
  8654 | D:8      | Reached skill level 5 in Slings
  8654 | D:8      | Reached skill level 5 in Bows
  8654 | D:8      | Reached skill level 5 in Crossbows
  8654 | D:8      | Reached skill level 5 in Dodging
  8654 | D:8      | Reached skill level 5 in Stealth
  8654 | D:8      | Reached skill level 5 in Unarmed Combat
  8654 | D:8      | Reached skill level 5 in Spellcasting
  8654 | D:8      | Reached skill level 5 in Evocations
  8765 | D:9      | Noticed Harold
  8767 | D:9      | Noticed a two-headed ogre
  8982 | D:8      | Received a gift from Okawaru
  8982 | D:8      | Reached skill level 10 in Maces & Flails
  9290 | D:9      | Killed a two-headed ogre
  9290 | D:9      | Reached ***** piety under Okawaru
  9364 | D:9      | Noticed a two-headed ogre
  9405 | D:9      | Killed Harold
  9405 | D:9      | Received a gift from Okawaru
  9406 | D:9      | Was placed under penance by Okawaru
  9410 | D:9      | Killed a two-headed ogre
  9410 | D:9      | Reached XP level 11. HP: 77/84 MP: 19/19
  9569 | D:9      | Noticed a frost giant
  9569 | D:9      | Noticed a stone giant
  9569 | D:9      | Noticed an orc knight
  9573 | D:9      | HP: 6/126 [frost giant/+2 battleaxe of freezing[the fury of
                  | Okawaru] (8)]
  9573 | D:9      | Demolished by an orc warrior

Illustrated notes

Levels and vault maps discovered:
D:1:      sevenhm_arrival_forest_fort_large_1, layout_rooms
D:2:      layout_rooms, old_standard_altar, lemuel_doored_altar
D:3:      layout_loops_ring, st_stairs_4, minivault_25
D:4:      layout_cave_pods, makhleb_grotto_becter,
          nemelex_xobeh_ov_fountains_minmay, portal_sewer_entry_d, minivault_27,
          abandoned_shop
D:5:      layout_rooms, minmay_temple_entry_mini_moons, first_ration,
          st_stairs_4
D:6:      layout_cave_pods, uniq_blork_the_orc
D:7:      layout_rooms
D:8:      layout_loops_corners, nicolae_qazlal_eye_of_the_storm
D:9:      lemuel_slime, layout_rooms, kennysheep_mini_moat, dk_vineyard_2,
          grunt_ogre_cave, uniq_harold, uniq_joseph

Skill      XL: |  1  2  3  4  5  6  7  8  9 10 |
---------------+-------------------------------+-----
Short Blades   | 1 2 3 4 5 |  5.7
Long Blades    | 1 2 3 4 5 |  5.7
Axes           | 1 2 3 4 5 |  5.7
Polearms       | 1 2 3 4 5 |  5.7
Staves         | 1 2 3 4 5 |  5.7
Slings         | 1 2 3 4 5 |  5.7
Bows           | 1 2 3 4 5 |  5.7
Crossbows      | 1 2 3 4 5 |  5.7
Dodging        | 1 2 3 4 5 |  5.7
Stealth        | 1 2 3 4 5 |  5.7
Unarmed Combat | 1 2 3 4 5 |  5.7
Spellcasting   | 1 2 3 4 5 |  5.7
Invocations    | 1 2 3 4 5 6 |  6.3
Evocations     | 1 2 3 4 5 |  5.7
Conjurations   | 1 2 3 4 |  4.7
Hexes          | 1 2 3 4 |  4.7
Charms         | 1 2 3 4 |  4.7
Summonings     | 1 2 3 4 |  4.7
Necromancy     | 1 2 3 4 |  4.7
Translocations | 1 2 3 4 |  4.7
Transmutations | 1 2 3 4 |  4.7
Fire Magic     | 1 2 3 4 |  4.7
Ice Magic      | 1 2 3 4 |  4.7
Air Magic      | 1 2 3 4 |  4.7
Earth Magic    | 1 2 3 4 |  4.7
Poison Magic   | 1 2 3 4 |  4.7
Throwing       | 3 4 5 6 |  6.3
Shields        | 3 4 5 6 |  6.3
Fighting       | 5 6 7 |  7.4
Armour         | 5 6 7 |  7.4
Maces & Flails | 9 10 | 10.2

Action                   |  1- 3 |  4- 6 |  7- 9 | 10-12 || total
-------------------------+-------+-------+-------+-------++-------
Melee: Dagger            |    82 |    38 |       |       ||   120
       Bite              |     8 |    13 |    36 |     7 ||    64
       Mace              |       |    97 |       |       ||    97
       Punch             |       |     1 |       |       ||     1
       Flail             |       |    40 |   314 |    86 ||   440
 Fire: Hand crossbow     |     5 |     9 |    11 |       ||    25
       Hunting sling     |       |       |    28 |       ||    28
Throw: Boomerang         |    31 |    40 |    25 |    21 ||   117
       Dart              |       |       |     2 |       ||     2
Invok: Heroism           |       |       |     2 |     3 ||     5
Evoke: Wand              |       |     1 |     5 |    14 ||    20
  Use: Scroll            |       |    13 |       |     8 ||    21
       Potion            |       |       |       |     1 ||     1
  Eat: Chunk             |     1 |     8 |    11 |     4 ||    24
       Ration            |     1 |       |       |       ||     1
Armor: Robe              |     6 |       |       |       ||     6
       Chain mail        |    28 |   106 |   102 |    50 ||   286
Dodge: Dodged            |    37 |    53 |    70 |    36 ||   196
Block: Buckler           |       |     6 |   142 |    48 ||   196
       Reflection        |       |       |    13 |     2 ||    15
